 Dungeon Crawl Stone Soup version 0.20.1-1-g8b1a95d66d (webtiles) character file.

487 MondaySad the Cleaver (level 6, -2/52 HPs)
             Began as a Minotaur Berserker on Nov 24, 2017.
             Was a Priest of Trog.
             Slain by an iguana (8 damage)
             ... on level 4 of the Dungeon.
             The game lasted 00:04:34 (3184 turns).

MondaySad the Cleaver (Minotaur Berserker)          Turns: 3184, Time: 00:04:35

Health: -2/52      AC:  6    Str: 23    XL:     6   Next: 89%
Magic:  5/5        EV: 10    Int:  4    God:    Trog [***...]
Gold:   225        SH:  0    Dex: 10    Spells: 5/5 levels left

rFire    . . .     SeeInvis .   a - +0 hand axe
rCold    . . .     Gourm    .   (no shield)
rNeg     . . .     Faith    .   x - +0 scale mail
rPois    .         Spirit   .   (helmet restricted)
rElec    .         Reflect  .   (no cloak)
rCorr    .         Harm     .   (no gloves)
MR       ++...                  (no boots)
Stlth    ..........             (no amulet)
Regen    1.2/turn               (no ring)
MPRegen  0.1/turn               (no ring)

@: berserk cooldown, regenerating, slowed, very slow
A: retaliatory headbutt, horns 2
a: Berserk, Trog's Hand, Burn Spellbooks, Renounce Religion


You were on level 4 of the Dungeon.
You worshipped Trog.
Trog was most pleased with you.
You were very hungry.

You visited 1 branch of the dungeon, and saw 4 of its levels.

You collected 225 gold pieces.

Inventory:

Hand Weapons
 a - a +0 hand axe (weapon)
Missiles
 e - 3 javelins (quivered)
Armour
 b - a +0 animal skin
 g - a +0 ring mail
 x - a +0 scale mail (worn)
Jewellery
 u - a +2 ring of intelligence {unknown}
Scrolls
 d - 3 scrolls of remove curse {unknown}
 f - 3 scrolls of amnesia {unknown}
 i - a scroll of fog {unknown}
 l - 3 scrolls of magic mapping {unknown}
 m - a scroll of fear {unknown}
 n - 9 scrolls of identify {unknown}
 p - a scroll of enchant weapon {unknown}
Potions
 j - 2 potions of haste {unknown}
 k - a potion of mutation {unknown}
 q - a potion of resistance {unknown}
 s - a potion of might {unknown}
 t - a potion of brilliance {unknown}
 v - a potion of flight {unknown}
 w - a potion of curing {unknown}
Comestibles
 c - 2 bread rations
 h - 5 royal jellies
 o - 3 chunks of flesh
 r - 3 meat rations


   Skills:
 - Level 3.9 Fighting
 + Level 9.2 Axes
 - Level 2.5 Armour
 - Level 2.3 Dodging


You had 5 spell levels left.
You didn't know any spells.

Dungeon Overview and Level Annotations

Branches:
Dungeon (4/15)
 Temple: D:4-7

Altars:


Innate Abilities, Weirdness & Mutations

You reflexively headbutt those who attack you in melee.
You have a pair of horns on your head.


Message History

The iguana is lightly wounded.
You hit the ooze. The iguana closely misses you.
The ooze hits you but does no damage. The iguana bites you.
* * * LOW HITPOINT WARNING * * *
You closely miss the iguana.
You headbutt the iguana, but do no damage.
The iguana is lightly wounded.
You hit the ooze. The ooze closely misses you. The iguana closely misses you.
The ooze hits you but does no damage.
You hit the iguana but do no damage.
The iguana is lightly wounded.
You hit the ooze but do no damage. The iguana bites you.
* * * LOW HITPOINT WARNING * * *
The ooze hits you but does no damage.
Your skin crawls.
You feel resistant to hostile enchantments.
You feel somewhat more hungry.
The iguana bites you but does no damage.
The ooze hits you but does no damage. The iguana bites you!
You die...

.... ###.##.####.....
.... ####.##.# ######
..........##.# ...
#.....# ...
#.##..#########
#.##)###..........
#..†)####.######..
########)..###...# #..
#....l@J.#...###.# #..
........#####.# #.# #..
......... #.###.####..
...^.....# ##...........
.........# #....##.###..
.............##.##.###..
.........######.##......
.........##......#.[####
#.............


You could see an iguana and an ooze.

Vanquished Creatures
  An ogre (D:4)
  The ghost of Brujo888 the Skirmisher, a weakling BaFi (D:3)
  2 hounds (D:4)
  3 worker ants
  7 gnolls
  7 adders
  4 worms
  3 dart slugs
  3 orcs
  6 bats
  4 giant cockroaches
  8 goblins
  12 hobgoblins
  9 jackals
  3 quokkas
  3 frilled lizards
  14 kobolds
  6 rats
96 creatures vanquished.

Notes
Turn   | Place    | Note
-------+----------+-------------------------------------------
     0 | D:1      | MondaySad the Minotaur Berserker began the quest for the Orb.
     0 | D:1      | Reached XP level 1. HP: 19/19 MP: 0/0
   113 | D:1      | Reached XP level 2. HP: 27/27 MP: 1/1
   132 | D:1      | Reached skill level 4 in Axes
   749 | D:2      | Reached XP level 3. HP: 33/33 MP: 2/2
   773 | D:2      | Reached ** piety under Trog
   773 | D:2      | Reached skill level 5 in Axes
  1226 | D:2      | Reached XP level 4. HP: 39/40 MP: 3/3
  1557 | D:3      | Reached skill level 6 in Axes
  1682 | D:3      | Noticed Brujo888's ghost (weakling BaFi)
  1693 | D:3      | Killed Brujo888's ghost
  1693 | D:3      | Reached XP level 5. HP: 36/46 MP: 4/4
  1885 | D:3      | Reached skill level 7 in Axes
  1917 | D:3      | Reached *** piety under Trog
  2764 | D:4      | Noticed an ogre
  2771 | D:4      | Killed an ogre
  2771 | D:4      | Reached skill level 8 in Axes
  2771 | D:4      | Reached XP level 6. HP: 52/52 MP: 5/5
  3167 | D:4      | Reached skill level 9 in Axes
  3184 | D:4      | Slain by an iguana

Skill      XL: |  1  2  3  4  5  6 |
---------------+-------------------+-----
Axes           | 4 5 6 8 9 |  9.2
Fighting       | |  3.9
Armour         | |  2.5
Dodging        | |  2.3

Action                   |  1- 3 |  4- 6 || total
-------------------------+-------+-------++-------
Melee: Hand axe          |    67 |   138 ||   205
       Headbutt          |    11 |    23 ||    34
Throw: Javelin           |     9 |       ||     9
Invok: Berserk           |       |     3 ||     3
       Trog's Hand       |       |     1 ||     1
  Eat: Chunk             |     1 |     8 ||     9
Armor: Ring mail         |    23 |    19 ||    42
       Scale mail        |       |    16 ||    16
Dodge: Dodged            |    39 |    58 ||    97
